 Dungeon Crawl Stone Soup version 0.21-a0-70-g32e1473 (webtiles) character file.

1790412 xgamer67 the Convoker (level 27, 196/196 HPs)
             Began as a Human Chaos Knight on June 19, 2017.
             Escaped with the Orb
             ... and 3 runes!
             The game lasted 03:18:54 (57009 turns).

xgamer67 the Convoker (Human Chaos Knight)         Turns: 57009, Time: 03:18:56

Health: 196/196    AC: 49    Str: 26    XL:     27
Magic:  41/41      EV: 12    Int: 23    God:    Xom [....*.]
Gold:   1043       SH: 26    Dex: 16    Spells: 17/48 levels left

rFire    + + +     SeeInvis +   a - +9 demon whip (elec)
rCold    . . .     Gourm    +   z - +5 shield {reflect}
rNeg     + + .     Faith    .   y - +8 orange crystal plate armour {Archmagi, Int+3 Clar}
rPois    +         Spirit   .   O - +5 hat of Muttered Phrases {rPois SInv Stlth+}
rElec    +         Reflect  +   g - +1 cloak of the Worm {rF+ rN+ MR+ Slay+3}
rCorr    .         Harm     .   Y - +2 pair of gloves {Str+3}
MR       ++++.     Clarity  +   v - +2 pair of boots of the Assassin {Detection Stab+ Stlth++}
Stlth    ..........             j - amulet of Hard Scrabble {Gourm Fragile rN+ Slay+4}
HPRegen  0.42/turn              b - ring "Hoerouv" {rF+ Int+4 Slay+3}
MPRegen  0.27/turn              I - ring of Lilik {*Drain rPois rF+ MR+ Int+4}

@: swift (expiring), quick
A: beak, claws 1, talons 1, large bone plates 2, frail 1, high mp 1, sense
surroundings 1, shaggy fur 1, electricity resistance, wild magic 1
0: Orb of Zot
}: 3/15 runes: barnacled, silver, gossamer
a: Renounce Religion


You escaped.
You worshipped Xom.
You were a beloved toy of Xom.
You were full.

You visited 8 branches of the dungeon, and saw 46 of its levels.
You visited the Abyss 1 time.
You visited 1 bazaar.
You also visited: Trove, Ossuary and Bailey.

You collected 6714 gold pieces.
You spent 5671 gold pieces at shops.

Inventory:

Hand Weapons
 a - a +9 demon whip of electrocution (weapon)
Armour
 g - the +1 cloak of the Worm (worn) {rF+ rN+ MR+ Slay+3}
   (You bought it in a shop on level 7 of the Dungeon)

   It affects your accuracy and damage with ranged weapons and melee attacks
   (+3).
   It protects you from fire.
   It protects you from negative energy.
   It affects your resistance to hostile enchantments.
 v - the +2 pair of boots of the Assassin (worn) {Detection Stab+ Stlth++}
   (Xom gifted it to you on level 13 of the Dungeon)

   It makes you much more stealthy.
 y - the +8 orange crystal plate armour (worn) {Archmagi, Int+3 Clar}
   (You bought it in a shop on level 8 of the Dungeon)

   It affects your intelligence (+3).
   It protects you against confusion.
 z - a +5 shield of reflection (worn)
 O - the +5 hat of Muttered Phrases (worn) {rPois SInv Stlth+}
   (You acquired it on level 5 of the Vaults)

   It protects you from poison.
   It lets you see invisible.
   It makes you more stealthy.
 Y - a +2 pair of gloves of strength (worn)
Jewellery
 b - the ring "Hoerouv" (left hand) {rF+ Int+4 Slay+3}
   (You found it in a treasure trove)

   [ring of slaying]

   It affects your intelligence (+4).
   It affects your accuracy and damage with ranged weapons and melee attacks
   (+3).
   It protects you from fire.
 j - the amulet of Hard Scrabble (around neck) {Gourm Fragile rN+ Slay+4}
   (You bought it in a shop on level 3 of the Shoals)

   [amulet of the gourmand]

   It allows you to eat raw meat even when not hungry.
   It affects your accuracy and damage with ranged weapons and melee attacks
   (+4).
   It protects you from negative energy.
   It will be destroyed if unequipped.
 m - the ring of the Mage {Wiz MR++ Int+3}
   (You found it on level 5 of the Depths)

   [ring of wizardry]

   It improves your spell success rate.
   It affects your intelligence (+3).
   It affects your resistance to hostile enchantments.
 t - the ring "Miotes" {rC+ Str+4 Dex+6 Stlth+}
   (You found it in a treasure trove)

   [ring of stealth]

   It affects your strength (+4).
   It affects your dexterity (+6).
   It protects you from cold.
   It makes you more stealthy.
 G - an uncursed ring of resist corrosion
 I - the ring of Lilik (right hand) {*Drain rPois rF+ MR+ Int+4}
   (You bought it in a shop on level 9 of the Dungeon)

   [ring of protection from fire]

   It affects your intelligence (+4).
   It protects you from fire.
   It protects you from poison.
   It affects your resistance to hostile enchantments.
   It causes draining when unequipped.
Wands
 l - a wand of clouds (6/9)
 u - a wand of paralysis (15/24)
 x - a wand of digging (23/24)
 F - a wand of disintegration (9/24)
 J - a wand of acid (7/15)
 R - a wand of scattershot (6/9)
Scrolls
 e - 4 scrolls of blinking
 k - 27 scrolls of remove curse
 s - a scroll of recharging
 E - 8 scrolls of fog
 P - 7 scrolls of teleportation
 Q - 3 scrolls of fear
 V - 2 scrolls of summoning
 X - 5 scrolls of identify
Potions
 f - 13 potions of curing
 h - 2 potions of berserk rage
 i - 3 potions of magic
 n - a potion of might
 o - 6 potions of flight
 p - 9 potions of agility
 q - a potion of invisibility
 A - 8 potions of heal wounds
 B - 9 potions of brilliance
 C - 7 potions of ambrosia
 U - 5 potions of resistance
 W - 4 potions of cancellation
Miscellaneous
 d - a lamp of fire
 r - a box of beasts
 w - a phial of floods
 K - a fan of gales
 M - 2 sacks of spiders
 S - a lightning rod (4/4)
Comestibles
 c - 18 bread rations
 N - 19 meat rations


   Skills:
 + Level 18.3 Fighting
   Level 3.0 Long Blades
 - Level 12.3 Maces & Flails
 - Level 18.0 Armour
 - Level 10.0 Dodging
 - Level 15.0 Shields
 - Level 11.0 Spellcasting
 - Level 8.0 Conjurations
 - Level 7.2 Charms
 - Level 19.0 Summonings
 - Level 11.5 Necromancy
 - Level 11.1 Translocations
 - Level 7.2 Air Magic
 - Level 10.3 Evocations


You had 17 spell levels left.
You knew the following spells:

 Your Spells              Type           Power        Failure   Level  Hunger
a - Static Discharge      Conj/Air       #######.     16%         3    None
b - Conjure Flame         Conj/Fire      ######..     54%         3    None
c - Corpse Rot            Necr           N/A          2%          2    None
d - Animate Dead          Necr           N/A          12%         4    None
e - Regeneration          Chrm/Necr      #######...   9%          3    None
f - Swiftness             Chrm/Air       ######..     11%         2    None
g - Blink                 Tloc           N/A          2%          2    None
h - Passage of Golubria   Tloc           N/A          13%         4    None
i - Shadow Creatures      Summ           N/A          9%          6    #####..
A - Apportation           Tloc           ######       1%          1    None
B - Summon Butterflies    Summ           ########     1%          1    None


Dungeon Overview and Level Annotations

Branches:
Dungeon (15/15)            Temple (0/1) D:6            Lair (6/6) D:9
 Shoals (4/4) Lair:2       Spider (4/4) Lair:4        Slime (0/5) Lair:6
    Orc (2/2) D:12            Elf (0/3) Orc:2        Vaults (5/5) D:13
  Crypt (0/3) Vaults:3     Depths (5/5) D:15            Zot (5/5) Depths:5

Altars:
Cheibriados
Dithmenos
Elyvilon
Fedhas
Gozag
Hepliaklqana
Qazlal
Trog
Vehumet
Xom
Beogh

Shops:
D:4 (   D:6 [   D:7 [[=?   D:8 *([([   D:9 =(   D:13 [   Orc:2 ![!}
Shoals:3 }?=   Vaults:1 (   Vaults:5 (

Portals:
Hell: Depths:1 Depths:2 Depths:3 Depths:4 Depths:5
Abyss: Depths:4 Depths:5
Pandemonium: Orc:2 Depths:1 Depths:2 Depths:3
Ziggurat: Depths:5

Annotations:
Depths:3 exclusion: door
Zot:5 1 exclusion


Innate Abilities, Weirdness & Mutations

You have a beak for a mouth.
You have sharp fingernails.
You have sharp toenails.
You are mostly covered in large bone plates. (SH +6)
You are frail. (-10% HP)
You have an increased reservoir of magic. (+10% MP)
You passively map a small area around you.
You are covered in fur. (AC +1)
You are resistant to electric shocks. (rElec)
Your spells are a little harder to cast, but a little more powerful.


Message History

You climb upwards.
There is a stone staircase leading down here.
Evoke which item? (* to show all) (? for menu, Esc to quit)
Aiming: Dig
Press: ? - help, Shift-Dir - straight line The rock shatters into small pieces.
This wand has 23 charges left.
An Orb Guardian comes into view.
Casting: Regeneration
Confirm with . or Enter, or press ? or * to list all spells.
You feel a surge of power!
You feel quick. You block the Orb Guardian's attack.
A reaper comes into view. It is wielding a scythe of protection.
You start to feel a little slower.
Xom calls forth mighty explosions.
The fireball engulfs the Orb Guardian.
A rat comes into view.
There is a stone staircase leading down here.
There is a staircase leading out of the dungeon here.
You block the Orb Guardian's attack.
You have escaped!

.≈≈≈............##.........#
...........##...##.........#
......#######...########.########
##....# ##'#########........#
8#....########...............##.#
.#....#.........##.......###.##.#
#.####..≈§≈≈....#.r.≈≈≈≈..##.##.#
##.###.§§≈≈≈≈(.....≈≈≈≈≈≈.##.##.#
8##.##.§≈§§§≈..X@..≈≈≈≈≈≈.##.##.#
####...§§§§§§......≈≈≈≈≈≈..#.##.#
# ##...≈§≈§..####..≈≈≈≈.....##.#
####.....§§.2## ##......###.##.#
#.#..........# #.###### #.##.#
............2## ##.# #.##.#
#.#...........####(.# #.##.#
#.#................## #.##.#
#.#...........2##### #.##.#


You could see an Orb Guardian, a reaper and a rat.

Vanquished Creatures
  2 orbs of fire
  A juggernaut (Depths:2)
  2 ancient liches (Vaults:5)
  the Enchantress (Depths:2)
  7 golden dragons
  Nikola (Depths:2)
  8 tentacled monstrosities
  3 electric golems
  An Ice Fiend (Spider:3)
  7 Orb Guardians
  A lich (Vaults:4)
  4 quicksilver dragons
  3 krakens
  3 titans (Vaults:5)
  3 death cobs
  Polyphemus (Shoals:4)
  7 shadow dragons
  13 sphinxes
  Roxanne (Spider:3)
  6 storm dragons
  3 tengu reavers
  Ilsuiw (Shoals:4)
  A draconian monk (Zot:2)
  Donald (Shoals:4)
  2 azure jellies (Vaults:5)
  7 fire giants
  10 frost giants
  5 ghost moths
  Louise (Shoals:1)
  An iron dragon (Vaults:1)
  14 vault wardens
  An orc warlord (Orc:2)
  A deep elf sorcerer (Vaults:5)
  3 emperor scorpions
  2 draconian stormcallers (Zot:2)
  13 stone giants
  A deep elf elementalist (Vaults:5)
  A draconian annihilator (Zot:2)
  4 war gargoyles
  7 ironheart preservers
  18 very ugly things
  4 vampire knights
  3 spriggan defenders (Depths:2)
  2 green draconians
  Nessos (Lair:4)
  5 entropy weavers
  5 purple draconians
  2 white draconians (Zot:2)
  Azrael (D:13)
  6 black draconians
  A deep elf annihilator (Depths:4)
  A lorocyproca (Depths:1)
  4 spark wasps
  A small abomination (Vaults:5)
  5 yellow draconians
  A blizzard demon (D:9)
  2 red draconians
  Snorg (Orc:2)
  5 merfolk impalers (Shoals:4)
  6 merfolk javelineers
  7 fire dragons
  A quicksilver dragon zombie (Vaults:5)
  5 crystal guardians
  10 ettins
  An eidolon (Vaults:3)
  A minotaur (Shoals:4)
  2 deep elf high priests (Vaults:5)
  11 great orbs of eyes
  The ghost of tstbtto the Cleaver, a journeyman NaFi of Cheibriados (D:11)
  11 yaktaur captains
  36 vault guards
  Josephine (Shoals:1)
  Erolcha (D:11)
  6 hydras
  11 ice dragons
  4 spriggan air magi
  Harold (D:10)
  2 rakshasas
  A hydra (shapeshifter) (Depths:2)
  2 death knights
  56 two-headed ogres
  2 catoblepae
  16 ogre magi
  An alligator snapping turtle (Shoals:4)
  8 merfolk avatars
  6 merfolk aquamancers
  2 dancing weapons (Vaults:5)
  9 centaur warriors
  5 deep troll earth magi
  3 deep troll shamans
  An alligator (Depths:2)
  A queen ant (Vaults:5)
  4 death yaks (Shoals:4)
  4 satyrs
  3 tengu warriors
  A titan zombie (Vaults:5)
  3 orc high priests (Orc:2)
  5 spriggan berserkers
  2 deep elf knights
  5 spriggans (Depths:2)
  2 sun demons (Depths:3)
  4 soul eaters
  9 skeletal warriors
  A titan skeleton (Vaults:5)
  15 sea snakes
  A sixfirhy (Depths:1)
  5 unseen horrors
  A deep troll (shapeshifter) (Depths:1)
  An iron troll (Depths:4)
  A glowing orange brain (shapeshifter) (Vaults:5)
  2 glowing orange brains
  An unseen horror (shapeshifter) (Vaults:1)
  3 flayed ghosts
  5 wizards
  A torturous demonspawn (Orc:2)
  18 deep trolls
  An orange crystal statue (Depths:1)
  5 deep elf archers
  A golden dragon skeleton (Depths:4)
  20 ironbrand convokers
  7 phantasmal warriors
  8 necromancers
  18 orb spiders
  33 harpies
  16 orc knights
  A wolf spider (shapeshifter) (Depths:2)
  14 deep elf magi
  40 wolf spiders
  26 ugly things
  17 fauns
  9 orc sorcerers
  2 oklob plants (Lair:6)
  A salamander (Depths:5)
  2 sphinx skeletons (Vaults:4)
  A spriggan zombie (Depths:4)
  20 manticores
  14 elephants
  A guardian serpent (shapeshifter) (Depths:3)
  A frost giant skeleton (Vaults:4)
  13 merfolk sirens
  5 moths of wrath
  14 cyclopes
  A black mamba (shapeshifter) (Vaults:2)
  6 water nymphs
  An eye of devastation (Vaults:4)
  5 black mambas
  2 smoke demons
  Maurice (D:11)
  A gargoyle (D:14)
  A kobold demonologist (Depths:4)
  2 hellions
  24 spiny frogs
  A rime drake (Lair:5)
  An orange demon (Depths:3)
  13 vault sentinels
  5 komodo dragons
  7 freezing wraiths
  5 ice devils
  13 demonic crawlers
  3 red devils
  A komodo dragon (shapeshifter) (Vaults:2)
  47 yaktaurs
  A hellwing (Orc:2)
  2 tengu conjurers (Depths:2)
  A merfolk (shapeshifter) (Vaults:1)
  A jumping spider (shapeshifter) (Vaults:2)
  4 polar bears
  4 trolls
  25 jumping spiders
  A harpy zombie (D:11)
  13 hornets
  3 meliai (D:14)
  5 tyrant leeches (Lair:6)
  4 wind drakes
  A tengu simulacrum (Depths:4)
  A wolf spider simulacrum (D:10)
  22 merfolk
  A wind drake (shapeshifter) (Vaults:5)
  12 slime creatures
  8 snapping turtles
  8 hippogriffs
  A raiju (D:14)
  29 blink frogs
  12 dream sheep
  A human simulacrum (Vaults:1)
  A frost giant simulacrum (Vaults:4)
  70 redbacks
  An elf skeleton (Depths:4)
  24 tarantellas
  A wyvern (shapeshifter) (Depths:4)
  An ettin skeleton (Vaults:4)
  A spriggan (shapeshifter) (Vaults:3)
  6 water elementals
  2 air elementals (Depths:4)
  9 wraiths
  A basilisk (shapeshifter) (D:13)
  A fire bat (Lair:1)
  A shadow (D:13)
  2 fire elementals (D:13)
  A fire bat (shapeshifter) (D:9)
  4 wyverns
  74 yaks
  4 hogs (Lair:5)
  9 vampire mosquitoes
  A hungry ghost (D:14)
  16 humans (D:13)
  3 steam dragons
  4 acid dragons
  4 wargs
  A deep troll zombie (Vaults:1)
  A spatial vortex (Spider:4)
  11 water moccasins
  A floating eye (Depths:5)
  A floating eye (shapeshifter) (Depths:1)
  An ogre skeleton (Vaults:1)
  8 porcupines
  5 hell hounds (D:14)
  7 ice beasts
  2 black bears
  4 swamp drakes
  A sky beast (shapeshifter) (Depths:2)
  An eye of draining (shapeshifter) (Depths:2)
  A swamp drake (shapeshifter) (Vaults:2)
  2 black bears (shapeshifter)
  A hornet zombie (Vaults:1)
  35 orc warriors
  27 ogres
  2 orc zombies (Vaults:1)
  2 necrophages
  An eye of draining (D:12)
  4 phantoms
  5 boggarts (Depths:2)
  4 wolves
  13 centaurs
  4 big kobolds
  12 crocodiles
  A gnoll sergeant (D:9)
  5 elf zombies
  29 bullfrogs
  2 yaktaur skeletons
  3 wyvern zombies
  3 scorpions
  2 wyvern skeletons
  A water moccasin skeleton (D:12)
  5 wights (D:14)
  9 killer bees
  A howler monkey (D:9)
  An electric eel (Lair:4)
  5 crimson imps
  A gnoll shaman (D:10)
  4 hounds
  7 human zombies
  8 centaur skeletons
  4 centaur zombies (Ossuary)
  2 jellies
  2 bullfrog skeletons
  22 orc priests
  An iron imp (Depths:1)
  Natasha (twice) (D:2)
  2 iguanas (D:6)
  28 orc wizards
  12 worker ants
  A statue (D:6)
  A hound skeleton (D:8)
  3 mummies (Ossuary)
  2 worker ant zombies
  9 gnolls
  10 adders
  5 shadow imps
  An ooze (shapeshifter) (D:3)
  2 oozes
  A worm (Lair:4)
  2 adder skeletons
  4 dart slugs
  5 leopard geckos
  66 orcs
  13 giant cockroaches
  7 hobgoblins
  10 jackals
  10 quokkas
  A ball python (D:4)
  13 bats
  3 frilled lizards
  6 goblins
  20 kobolds
  A leopard gecko skeleton (D:9)
  23 rats
  A plant (Lair:6)
  10 tentacles
1930 creatures vanquished.

Vanquished Creatures (collateral kills)
  3 golden dragons (Zot:5)
  An Orb Guardian (Zot:5)
  A titan (Vaults:5)
  A death cob (Zot:5)
  A kraken (Shoals:1)
  A frost giant (Vaults:5)
  A fire giant (Vaults:5)
  A draconian scorcher (Depths:5)
  A stone giant (Vaults:5)
  A very ugly thing (Depths:1)
  A spark wasp (Depths:4)
  A merfolk impaler (Shoals:3)
  An ogre mage (Depths:2)
  An ice dragon (Depths:4)
  A vault guard (Vaults:5)
  2 merfolk avatars
  A merfolk aquamancer (Shoals:4)
  A two-headed ogre (Depths:2)
  A sea snake (Shoals:3)
  3 deep trolls
  An ugly thing (Depths:1)
  An orb spider (Spider:1)
  A deep elf mage (Bailey)
  An orc sorcerer (Orc:2)
  A shining eye (Depths:1)
  A faun (Shoals:3)
  A manticore (Shoals:4)
  A moth of wrath (Zot:5)
  A sphinx skeleton (Vaults:1)
  A merfolk siren (Shoals:3)
  A vault sentinel (Vaults:5)
  A water nymph (Shoals:1)
  A yaktaur zombie (Vaults:5)
  2 merfolk (Shoals:3)
  2 snapping turtles
  2 redbacks
  A ynoxinul (Orc:2)
  3 orc warriors (Orc:2)
  An ogre (Vaults:5)
  2 orc priests (Orc:2)
  Natasha (D:2)
  9 orcs
  A jackal (D:2)
  A plant (Shoals:1)
  A tentacle (Shoals:1)
64 creatures vanquished.

Vanquished Creatures (others)
  Kirke (Lair:5)
  A frost giant (Depths:3)
  A draconian knight (Depths:5)
  A merfolk javelineer (Shoals:4)
  A fire dragon (Depths:3)
  An ice dragon (Depths:5)
  2 yaktaur captains
  6 centaur warriors
  3 dancing weapons
  An orc high priest (Orc:2)
  A wizard (Depths:4)
  A harpy (Shoals:4)
  2 orb spiders
  A faun (Depths:2)
  A wolf spider (Spider:3)
  An elephant (Lair:4)
  A demonic crawler (Spider:4)
  6 yaktaurs
  A redback (Spider:3)
  A water moccasin (Lair:4)
  A porcupine (Lair:4)
  An orc warrior (Orc:2)
  An ogre (Vaults:2)
  A centaur (D:9)
  An orc priest (Orc:2)
  A jelly (shapeshifter) (Vaults:5)
  2 orcs
  A quokka (D:10)
  2 fire vortices
  8 fungi
  37 plants
  20 tentacles
110 creatures vanquished.

Grand Total: 2104 creatures vanquished

Notes
Turn   | Place    | Note
-------+----------+-------------------------------------------
     0 | D:1      | xgamer67 the Human Chaos Knight began the quest for the Orb.
     0 | D:1      | Reached XP level 1. HP: 18/18 MP: 1/1
    60 | D:1      | XOM: harmless Erth miscast
   460 | D:1      | XOM: harmless Hex miscast
   504 | D:1      | Reached XP level 2. HP: 16/24 MP: 2/2
   838 | D:1      | XOM: divination: magic mapping
   850 | D:1      | XOM: harmless Erth miscast
   938 | D:1      | XOM: 4-stop teleportation journey
  1018 | D:2      | Reached XP level 3. HP: 24/30 MP: 3/3
  1282 | D:2      | XOM: give mutations
  1282 | D:2      | Gained mutation: You have a beak for a mouth. [Xom's grace]
  1282 | D:2      | Gained mutation: Your muscles are strong. (Str +2) [Xom's grace]
  1282 | D:2      | Gained mutation: You are agile. (Dex +2) [Xom's grace]
  1311 | D:2      | XOM: give mutations
  1311 | D:2      | Gained mutation: Your muscles are very strong. (Str +4) [Xom's grace]
  1311 | D:2      | Gained mutation: You are very agile. (Dex +4) [Xom's grace]
  1311 | D:2      | Gained mutation: Your system is resistant to poisons. (rPois) [Xom's grace]
  1339 | D:2      | XOM: cleaving
  1357 | D:2      | Reached XP level 4. HP: 34/38 MP: 4/4
  1670 | D:2      | Found a faded altar of an unknown god.
  1722 | D:2      | Reached skill level 5 in Fighting
  1733 | D:2      | Noticed Natasha
  1733 | D:2      | XOM: divination: detect items
  1738 | D:2      | XOM: summons friendly white imp
  1744 | D:2      | Killed Natasha
  1879 | D:2      | Reached XP level 5. HP: 44/44 MP: 5/5
  2010 | D:2      | XOM: cloud trail
  2047 | D:2      | XOM: chaos upgrade
  2096 | D:2      | XOM: god gift: robe {god gift}
  2167 | D:2      | Noticed Natasha
  2183 | D:2      | Killed Natasha
  2324 | D:2      | Noticed Natasha
  2328 | D:2      | Killed Natasha
  2394 | D:2      | Reached XP level 6. HP: 35/52 MP: 6/6
  2590 | D:3      | Noticed a swamp drake
  2590 | D:3      | an orc changed into a swamp drake
  2599 | D:3      | Killed a swamp drake
  3007 | D:3      | XOM: cast spell 'Cause Fear'
  3035 | D:3      | XOM: harmless Tmut miscast
  3054 | D:3      | XOM: polymorph orc -> adder
  3160 | D:3      | Found a stormy altar of Qazlal.
  3397 | D:3      | XOM: mild Conj miscast
  3406 | D:3      | XOM: god gift: robe {god gift}
  3431 | D:3      | Reached XP level 7. HP: 57/58 MP: 7/7
  3706 | D:4      | Found a blossoming altar of Fedhas.
  3753 | D:4      | Found a roughly hewn altar of Beogh.
  3767 | D:4      | Reached skill level 5 in Dodging
  3949 | D:4      | Found Gufucw's Antique Weapon Boutique.
  3957 | D:4      | Bought a crystal mace for 168 gold pieces
  3957 | D:4      | Identified the +6 mace of Puqas {crush, rF+} (You bought it in a shop on level 4 of the Dungeon)
  3963 | D:4      | XOM: give mutations
  3963 | D:4      | Gained mutation: You are robust. (+10% HP) [Xom's grace]
  3963 | D:4      | Gained mutation: Your mind is acute. (Int +2) [Xom's grace]
  3963 | D:4      | Gained mutation: You passively map a small area around you. [Xom's grace]
  3989 | D:4      | XOM: summons 7 friendly demons
  3991 | D:4      | Reached skill level 1 in Maces & Flails
  4102 | D:4      | XOM: 4-stop teleportation journey
  4143 | D:4      | Reached XP level 8. HP: 62/70 MP: 8/8
  4346 | D:5      | Entered Level 5 of the Dungeon
  4365 | D:5      | XOM: divination: magic mapping
  4478 | D:5      | XOM: enchant monster (good)
  4593 | D:5      | XOM: cloud trail
  4673 | D:5      | Identified a scroll of acquirement
  4730 | D:5      | XOM: give mutations
  4730 | D:5      | Gained mutation: You passively map the area around you. [Xom's grace]
  4730 | D:5      | Gained mutation: You are resistant to electric shocks. (rElec) [Xom's grace]
  4730 | D:5      | Gained mutation: Your mind is very acute. (Int +4) [Xom's grace]
  5263 | D:5      | XOM: divination: magic mapping
  5304 | D:6      | XOM: confuse monster(s)
  5347 | D:6      | XOM: 1-stop teleportation journey
  5354 | D:6      | Found a sand-covered staircase.
  5359 | Ossuary  | Entered an ossuary
  5372 | Ossuary  | Reached skill level 5 in Maces & Flails
  5388 | Ossuary  | XOM: enchant monster (good)
  5456 | Ossuary  | XOM: divination: detect items
  5463 | Ossuary  | XOM: potion effect (invisibility)
  5571 | Ossuary  | XOM: harmless Air miscast
  5577 | Ossuary  | XOM: enchant monster (good)
  5581 | Ossuary  | XOM: confuse monster(s)
  5586 | Ossuary  | XOM: summons friendly quasit
  5607 | Ossuary  | Reached XP level 9. HP: 66/75 MP: 9/9
  5832 | D:6      | Found a staircase to the Ecumenical Temple.
  5857 | D:6      | XOM: potion effect (haste)
  5979 | D:6      | Found Metojo Ewoph's Antique Armour Shop.
  6111 | D:6      | Found a radiant altar of Vehumet.
  6165 | D:6      | XOM is BORED!
  6165 | D:6      | XOM: medium Tmut miscast
  6214 | D:6      | XOM: mild Fire miscast
  6439 | D:7      | XOM: mild Pois miscast
  6551 | D:7      | Found Ussar's Armour Shoppe.
  6710 | D:7      | Found a hazy altar of Hepliaklqana.
  6712 | D:7      | XOM: mild Fire miscast
  6827 | D:7      | Found Pipnul's Jewellery Shoppe.
  6844 | D:7      | Found Yteatsie's Magic Scroll Shoppe.
  6971 | D:7      | Bought a scroll of enchant weapon for 112 gold pieces
  7119 | D:7      | Found Qunk's Antique Armour Shoppe.
  7307 | D:8      | Found a snail-covered altar of Cheibriados.
  7316 | D:8      | Found Afaeduocsoa's Antique Weapon Shop.
  7345 | D:8      | Found Mesheis's Armour Shoppe.
  7362 | D:8      | Found a bloodstained altar of Trog.
  7375 | D:8      | Found a shadowy altar of Dithmenos.
  7439 | D:8      | Found Vepuaff's Antique Weapon Shoppe.
  7456 | D:8      | Found a shimmering altar of Xom.
  7580 | D:8      | Found Juanloareny's General Store.
  7717 | D:8      | Found Lunwijiz's Antique Armour Emporium.
  7880 | D:8      | XOM: cloud trail
  7897 | D:8      | XOM: noise
  7909 | D:8      | XOM: mild Air miscast
  7935 | D:9      | Noticed an unseen horror
  7935 | D:9      | Noticed a two-headed ogre
  7982 | D:9      | Reached skill level 10 in Maces & Flails
  8007 | D:9      | XOM: harmless Ice miscast
  8009 | D:9      | Killed a two-headed ogre
  8009 | D:9      | Reached XP level 10. HP: 46/83 MP: 10/10
  8192 | D:9      | Found Kofuhumu's Jewellery Shop.
  8209 | D:9      | Killed an unseen horror
  8247 | D:9      | Noticed a two-headed ogre
  8248 | D:9      | XOM: potion effect (might)
  8260 | D:9      | Killed a two-headed ogre
  8358 | D:9      | Found Lebitrym's Antique Weapon Shoppe.
  8358 | D:9      | Noticed a two-headed ogre
  8369 | D:9      | Killed a two-headed ogre
  8404 | D:9      | XOM: noise
  8523 | D:9      | XOM: harmless Summ miscast
  8542 | D:9      | Reached skill level 5 in Armour
  8670 | D:9      | Reached XP level 11. HP: 89/89 MP: 11/11
  8739 | D:9      | XOM: harmless Erth miscast
  8929 | D:9      | XOM: harmless Tmut miscast
  8971 | D:9      | Found a staircase to the Lair.
  8972 | D:9      | XOM: harmless Necr miscast
  9086 | D:9      | XOM: divination: magic mapping
  9091 | D:9      | XOM: harmless Chrm miscast
  9252 | D:10     | Entered Level 10 of the Dungeon
  9295 | D:10     | Found a flagged portal.
  9301 | Bailey   | Entered a bailey
  9307 | Bailey   | Noticed a deep elf mage
  9312 | Bailey   | Killed a deep elf mage
  9363 | Bailey   | Noticed a deep elf mage
  9365 | Bailey   | Noticed a deep elf mage
  9384 | Bailey   | Killed a deep elf mage
  9385 | Bailey   | Killed a deep elf mage
  9476 | Bailey   | Noticed a deep elf mage
  9488 | Bailey   | XOM: cast spell 'Alistair's Intoxication'
  9501 | Bailey   | Noticed a deep elf mage
  9502 | Bailey   | Killed a deep elf mage
  9508 | Bailey   | Killed a deep elf mage
  9510 | Bailey   | Noticed a deep elf mage
  9510 | Bailey   | XOM: noise
  9514 | Bailey   | XOM: potion effect (heal wounds)
  9522 | Bailey   | Killed a deep elf mage
  9613 | Bailey   | XOM: god gift: 22 stones
  9632 | Bailey   | Noticed a deep elf mage
  9632 | Bailey   | Noticed a deep elf mage
  9638 | Bailey   | Killed a deep elf mage
  9644 | Bailey   | Killed a deep elf mage
  9760 | Bailey   | XOM: divination: magic mapping
  9781 | Bailey   | Noticed a deep elf archer
  9786 | Bailey   | XOM: harmless Conj miscast
  9796 | Bailey   | Killed a deep elf archer
  9859 | D:10     | Found a white marble altar of Elyvilon.
  9872 | D:10     | Noticed Harold
  9878 | D:10     | XOM: summons 2 friendly demons
  9883 | D:10     | XOM: summons 3 friendly demons
  9912 | D:10     | XOM: smoke on damage
 10326 | D:10     | Found a portal to a secret trove of treasure.
 10414 | D:10     | Reached XP level 12. HP: 105/105 MP: 12/12
 10454 | D:10     | XOM: mild Erth miscast
 10456 | D:10     | XOM: butterfly on damage
 10457 | D:10     | Killed Harold
 10457 | D:10     | Reached skill level 10 in Fighting
 10542 | D:10     | XOM: harmless Summ miscast
 10689 | D:10     | XOM: divination: magic mapping
 10779 | D:10     | XOM: cloud trail
 10899 | D:11     | XOM: mild Pois miscast
 10900 | D:11     | XOM: potion effect (haste)
 10924 | D:11     | Noticed Erolcha
 10933 | D:11     | Killed Erolcha
 11177 | D:11     | Noticed Maurice
 11191 | D:11     | Killed Maurice
 11421 | D:11     | Noticed tstbtto's ghost (journeyman NaFi)
 11443 | D:11     | XOM: potion effect (haste)
 11448 | D:11     | XOM: destruction
 11461 | D:11     | Killed tstbtto's ghost
 11571 | D:11     | XOM is BORED!
 11571 | D:11     | XOM: summons 6 hostile demons
 11604 | D:11     | XOM: give mutations
 11604 | D:11     | Gained mutation: You are partially covered in large bone plates. (SH +4) [Xom's grace]
 11604 | D:11     | Gained mutation: You evolve. [Xom's grace]
 11604 | D:11     | Gained mutation: You are partially covered in rugged brown scales. (AC +1, +3% HP) [Xom's grace]
 11604 | D:11     | Gained mutation: You have a somewhat thin skeletal structure. (Dex +2, Stealth) [Xom's grace]
 11778 | D:11     | Noticed an ice dragon
 11778 | D:11     | XOM: enchant monster (good)
 11797 | D:11     | XOM: enchant monster (good)
 11826 | D:11     | XOM: enchant monster (good)
 11836 | D:11     | Killed an ice dragon
 12080 | D:11     | XOM: cloud trail
 12102 | D:11     | Noticed a skeletal warrior
 12102 | D:11     | Noticed a skeletal warrior
 12103 | D:11     | Noticed a death knight
 12110 | D:11     | XOM: confuse monster(s)
 12123 | D:11     | XOM: summons 11 friendly demons
 12128 | D:11     | Killed a skeletal warrior
 12138 | D:11     | Killed a skeletal warrior
 12138 | D:11     | Reached XP level 13. HP: 86/122 MP: 13/13
 12283 | D:11     | XOM: noise
 12748 | D:12     | XOM: summons 2 friendly demons
 12779 | D:12     | XOM: god gift: glowing scarf {god gift}
 12795 | D:12     | Reached skill level 10 in Armour
 12842 | D:12     | Gained mutation: You have sharp toenails. [evolution]
 12842 | D:12     | Lost mutation: You evolve. [end of evolution]
 12864 | D:12     | Reached skill level 1 in Evocations
 12918 | D:12     | Noticed a four-headed hydra
 12919 | D:12     | XOM: fog
 12923 | D:12     | Killed a four-headed hydra
 12950 | D:12     | XOM: 6-stop teleportation journey
 13032 | D:12     | XOM: god gift: bread ration
 13035 | D:12     | Found a staircase to the Orcish Mines.
 13035 | D:12     | XOM: 1-stop teleportation journey
 13037 | D:12     | XOM: summons 10 friendly demons
 13374 | D:12     | XOM: harmless Ice miscast
 13612 | D:12     | XOM: mild Chrm miscast
 13743 | D:8      | Bought a runed shield for 172 gold pieces
 13825 | D:6      | Bought a pair of runed gloves for 232 gold pieces
 13979 | Lair:1   | Entered Level 1 of the Lair of Beasts
 13997 | Lair:1   | Reached skill level 1 in Shields
 14074 | Lair:1   | XOM: 7-stop teleportation journey
 14202 | Lair:1   | XOM: 10-stop teleportation journey
 14237 | Lair:1   | XOM: harmless Ice miscast
 14285 | Lair:1   | Reached skill level 5 in Evocations
 14295 | Lair:1   | XOM: noise
 14340 | Lair:1   | XOM: 3-stop teleportation journey
 14646 | Lair:1   | XOM: enchant monster (bad)
 14650 | Lair:1   | XOM: polymorph blink frog -> fire bat
 14659 | Lair:1   | XOM: scenery: create altars
 14683 | Lair:1   | XOM: harmless Conj miscast
 14720 | Lair:1   | XOM: fake destruction
 14991 | Lair:1   | Noticed a seven-headed hydra
 14994 | Lair:1   | XOM: severe Summ miscast
 14994 | Lair:1   | Cast into level 3 of the Abyss (the severe capriciousness of Xom)
 14994 | Lair:1   | Escaped the Abyss
 14994 | Lair:1   | XOM: revert banishment
 14999 | Lair:1   | Killed a seven-headed hydra
 14999 | Lair:1   | Reached XP level 14. HP: 104/129 MP: 18/18
 15265 | Lair:2   | XOM: divination: magic mapping
 15300 | Lair:2   | Found a staircase to the Shoals.
 15313 | Lair:2   | Reached skill level 5 in Shields
 15627 | Lair:2   | XOM: mild Tmut miscast
 15876 | Lair:2   | XOM: noise
 15894 | Lair:2   | XOM: god gift: bread ration
 16260 | Lair:3   | XOM: mild Conj miscast
 16455 | Lair:3   | XOM: divination: detect items
 16603 | Lair:3   | Got a scorched brass ring
 16699 | Lair:4   | XOM: divination: magic mapping
 16712 | Lair:4   | XOM: destruction
 16735 | Lair:4   | XOM: fog
 16764 | Lair:4   | Identified the ring "Simyro" {MR+ Int+6 Slay-5} (You found it on level 3 of the Lair of Beasts)
 16825 | Lair:4   | Found a hole to the Spider Nest.
 17086 | Lair:4   | XOM: scenery: 1 doors open
 17108 | Lair:4   | XOM: scenery: 2 doors open
 17241 | Lair:4   | XOM: enchant monster (good)
 17366 | Lair:4   | Noticed Nessos
 17370 | Lair:4   | XOM: summons 11 friendly demons
 17375 | Lair:4   | Killed Nessos
 17411 | Lair:4   | XOM: give mutations
 17411 | Lair:4   | Gained mutation: You are somewhat resistant to further mutation. [Xom's grace]
 17411 | Lair:4   | Gained mutation: You have razor-sharp toenails. [Xom's grace]
 17421 | Lair:4   | XOM: cloud trail
 17501 | Lair:4   | XOM: cloud trail
 17551 | Lair:5   | Noticed Kirke
 17576 | Lair:5   | Killed Kirke
 17576 | Lair:5   | Reached skill level 10 in Shields
 17576 | Lair:5   | XOM: divine lightning
 17668 | Lair:5   | XOM: scenery: 1 doors open
 17709 | Lair:5   | XOM: divination: detect items
 17713 | Lair:5   | XOM: divination: magic mapping
 18131 | Lair:5   | XOM: scenery: 1 doors open
 18372 | Lair:6   | Entered Level 6 of the Lair of Beasts
 18373 | Lair:6   | XOM: 1-stop teleportation journey
 18387 | Lair:6   | XOM: confusion
 18430 | Lair:6   | XOM: chaos cloud
 18432 | Lair:6   | Paralysed by you for 4 turns
 18445 | Lair:6   | Paralysed by you for 3 turns
 18453 | Lair:6   | XOM: 3-stop teleportation journey
 18456 | Lair:6   | XOM: noise
 18493 | Lair:6   | XOM: severe Pois miscast
 18542 | Lair:6   | XOM: summons 3 hostile shadow creatures
 18546 | Lair:6   | Reached XP level 15. HP: 111/135 MP: 19/19
 18582 | Lair:6   | XOM: swap monsters
 18583 | Lair:6   | XOM: noise
 18606 | Lair:6   | XOM: enchant monster (bad)
 18657 | Lair:6   | XOM: chaos cloud
 18658 | Lair:6   | Paralysed by you for 6 turns
 18660 | Lair:6   | XOM: 1-stop teleportation journey
 18787 | Lair:6   | XOM: blink monster(s)
 18795 | Lair:6   | XOM: divination: magic mapping
 18817 | Lair:6   | XOM: divination: magic mapping
 18901 | Lair:6   | XOM: potion effect (berserk rage)
 18914 | Lair:6   | XOM: divination: detect items
 19108 | Lair:6   | Found a staircase to the Slime Pits.
 19141 | Lair:6   | XOM: divination: detect creatures
 19230 | Lair:6   | XOM: silly message
 19263 | Lair:6   | XOM: harmless Pois miscast
 19789 | Lair:4   | XOM: cloud trail
 19852 | Lair:1   | Learned a level 1 spell: Summon Butterflies
 19855 | Lair:1   | Learned a level 2 spell: Blink
 19858 | Lair:1   | Learned a level 2 spell: Swiftness
 20055 | D:6      | Bought a pair of jewelled boots for 294 gold pieces
 20065 | D:6      | Identified the cursed -3 pair of boots of Xagioran {Regen+} (You bought it in a shop on level 6 of the Dungeon)
 20137 | D:8      | Bought a +1 pair of boots of stealth for 181 gold pieces
 20380 | Lair:6   | XOM: silly message
 20420 | Lair:6   | XOM: silly message
 20513 | Lair:1   | XOM: harmless Pois miscast
 20737 | D:13     | Found Animinti's Antique Armour Shoppe.
 20759 | D:13     | XOM: potion effect (agility)
 21064 | D:13     | XOM: draining
 21175 | D:13     | XOM: god gift: +2 pair of boots of the Assassin {Detection Stab+ Stlth++}
 21215 | D:13     | Found a gate to the Vaults.
 21236 | D:13     | XOM: polymorph human -> golden eye
 21245 | D:13     | XOM: fog
 21297 | D:13     | XOM: cleaving
 21308 | D:13     | XOM: polymorph hog -> basilisk
 21314 | D:13     | XOM: enchant monster (good)
 21317 | D:13     | Reached skill level 15 in Shields
 21317 | D:13     | Reached XP level 16. HP: 74/143 MP: 20/20
 21472 | D:13     | XOM: divination: magic mapping
 21931 | D:14     | Noticed Sonja
 21940 | D:14     | Noticed Azrael
 21962 | D:13     | XOM: god gift: bloodstained chain mail {god gift}
 21965 | D:13     | Killed Azrael
 21970 | D:13     | Got a bloodstained chain mail {god gift}
 21981 | D:13     | Identified the +0 chain mail of Greed {Str+2} (Xom gifted it to you on level 13 of the Dungeon)
 21997 | D:13     | XOM: god gift: ring mail {god gift}
 22085 | D:14     | Reached skill level 10 in Dodging
 22133 | D:14     | Noticed Sonja
 22133 | D:14     | Sonja changed into Sonja the raiju
 22141 | D:14     | Killed Sonja the raiju
 22625 | D:14     | XOM: summons friendly crimson imp
 22630 | D:14     | XOM: summons friendly quasit
 23063 | D:15     | Entered Level 15 of the Dungeon
 23081 | D:15     | Found an opulent altar of Gozag.
 23147 | D:15     | XOM: 6-stop teleportation journey
 23237 | D:15     | XOM: destruction
 23241 | D:15     | XOM: cast spell 'Summon Small Mammal'
 23321 | D:15     | XOM: enchant monster (good)
 23327 | D:15     | Found a staircase to the Depths.
 23327 | D:15     | Noticed a frost giant
 23336 | D:15     | Killed a frost giant
 23373 | D:15     | XOM: scenery: 1 doors close
 23380 | D:15     | XOM: god gift: vibrating zirconium amulet {god gift}
 23381 | D:15     | Got a vibrating zirconium amulet {god gift}
 23383 | D:15     | Identified the amulet "Rydghut" {Harm *Drain +Inv MP+9 Dex+4} (Xom gifted it to you on level 15 of the Dungeon)
 23572 | D:15     | XOM: give mutation
 23572 | D:15     | Gained mutation: You are somewhat resistant to both further mutation and mutation removal. [Xom's grace]
 23710 | D:15     | XOM: destruction
 23843 | D:15     | XOM: polymorph troll -> blink frog
 24112 | Orc:1    | Entered Level 1 of the Orcish Mines
 24236 | Orc:2    | XOM: stealth player
 24236 | Orc:2    | Entered Level 2 of the Orcish Mines
 24236 | Orc:2    | Noticed Snorg
 24242 | Orc:2    | Killed Snorg
 24249 | Orc:2    | XOM: divine lightning
 24285 | Orc:2    | XOM: cloud trail
 24505 | Orc:2    | Found Baveo's Distillery.
 24560 | Orc:2    | Found Kohajaang's Distillery.
 24571 | Orc:2    | XOM: fog
 24600 | Orc:2    | XOM: cleaving
 24699 | Orc:2    | XOM: scenery: create altars
 24716 | Orc:2    | XOM: summons friendly iron imp
 24722 | Orc:2    | XOM: fog
 24802 | Orc:2    | XOM: god gift: book of Flames
 24898 | Orc:2    | Found a staircase to the Elven Halls.
 25100 | Orc:2    | XOM: summons 7 friendly demons
 25109 | Orc:2    | XOM: cast spell 'Discord'
 25122 | Orc:2    | XOM: scenery: create altars
 25133 | Orc:2    | XOM: polymorph ynoxinul -> neqoxec
 25179 | Orc:2    | XOM: scenery: create altars
 25252 | Orc:2    | XOM is BORED!
 25252 | Orc:2    | XOM: summons 8 hostile demons
 25306 | Orc:2    | XOM: scenery: create altars
 25312 | Orc:2    | XOM: summons friendly white imp
 25322 | Orc:2    | XOM: fog
 25335 | Orc:2    | Reached XP level 17. HP: 134/154 MP: 21/21
 25356 | Orc:2    | Found Qeusa's Antique Armour Shop.
 25356 | Orc:2    | Found Loegruets's Gadget Boutique.
 25356 | Orc:2    | Found a one-way gate leading to the halls of Pandemonium.
 25376 | Orc:2    | XOM: give mutation
 25376 | Orc:2    | Gained mutation: You have a pair of small antennae on your head. [Xom's grace]
 25392 | Orc:2    | XOM: give mutations
 25392 | Orc:2    | Gained mutation: You have sharp fingernails. [Xom's grace]
 25392 | Orc:2    | Gained mutation: You are almost entirely resistant to further mutation and mutation removal. [Xom's grace]
 25392 | Orc:2    | Gained mutation: You are resistant to hostile enchantments. (MR+) [Xom's grace]
 25422 | Orc:2    | XOM: harmless Pois miscast
 25545 | D:13     | Bought a faintly humming hat for 270 gold pieces
 25550 | D:13     | Identified the +0 hat of the Morning Star {-Cast rPois MR+ Regen+} (You bought it in a shop on level 13 of the Dungeon)
 25564 | D:12     | XOM: god gift: 9 royal jellies
 25620 | D:9      | XOM: polymorph ogre -> steam dragon
 25774 | Spider:1 | Entered Level 1 of the Spider Nest
 25793 | Spider:1 | XOM: divination: detect creatures
 25811 | Spider:1 | XOM: divine lightning
 25816 | Spider:1 | XOM: cast spell 'Cause Fear'
 25833 | Spider:1 | XOM: fake destruction
 25836 | Spider:1 | XOM: summons 9 friendly demons
 25878 | Spider:1 | XOM: summons friendly crimson imp
 25884 | Spider:1 | XOM: cleaving
 25929 | Spider:1 | XOM: divination: magic mapping
 26070 | Spider:1 | XOM: potion effect (agility)
 26074 | Spider:1 | XOM: enchant monster (good)
 26473 | Spider:2 | XOM: cleaving
 26785 | Spider:2 | XOM: cleaving
 27255 | Spider:2 | XOM: give mutations
 27255 | Spider:2 | Lost mutation: You are almost entirely resistant to further mutation and mutation removal. [Xom's grace]
 27255 | Spider:2 | Lost mutation: You are somewhat resistant to both further mutation and mutation removal. [Xom's grace]
 27255 | Spider:2 | Lost mutation: You are somewhat resistant to further mutation. [Xom's grace]
 27255 | Spider:2 | Gained mutation: You evolve. [Xom's grace]
 27255 | Spider:2 | Gained mutation: You rapidly evolve. [Xom's grace]
 27623 | Spider:3 | Noticed Mara
 27626 | Spider:3 | XOM: noise
 27629 | Spider:3 | XOM: blink monster(s)
 27637 | Spider:3 | XOM: scenery: create altars
 27792 | Spider:3 | XOM: enchant monster (good)
 27803 | Spider:3 | XOM: harmless Erth miscast
 27840 | Spider:2 | You fall through a shaft!
 27841 | Spider:3 | XOM: potion effect (invisibility)
 27872 | Spider:3 | Noticed Mara
 27872 | Spider:3 | Mara changed into Mara the Ice Fiend
 27872 | Spider:3 | XOM: polymorph Mara -> Mara the Ice Fiend
 27877 | Spider:3 | XOM: divination: detect creatures
 27880 | Spider:3 | Killed Mara the Ice Fiend
 28117 | Lair:5   | Reached skill level 15 in Armour
 28119 | Lair:5   | XOM: noise
 28284 | D:9      | XOM: swap monsters
 28360 | D:11     | XOM: give mutation
 28360 | D:11     | Lost mutation: You are resistant to hostile enchantments. (MR+) [Xom's mischief]
 28386 | D:10     | XOM: medium Erth miscast
 28654 | Spider:3 | XOM: enchant monster (bad)
 28711 | Spider:3 | XOM: summons 1 hostile demon
 28815 | Spider:3 | XOM: mild Summ miscast
 28819 | Spider:3 | XOM: harmless Chrm miscast
 28829 | Spider:3 | XOM: chaos cloud
 28832 | Spider:3 | Paralysed by you for 7 turns
 28840 | Spider:3 | Reached XP level 18. HP: 157/164 MP: 22/22
 28897 | Spider:3 | Noticed Roxanne
 28913 | Spider:3 | XOM: summons 4 hostile shadow creatures
 28927 | Spider:3 | XOM: butterfly on damage
 29246 | Spider:3 | Killed Roxanne
 29247 | Spider:3 | Identified Roxanne's Handbook of Precision Catastrophes (You took it off Roxanne on level 3 of the Spider Nest)
 29280 | Spider:4 | Entered Level 4 of the Spider Nest
 29377 | Spider:4 | XOM: medium Pois miscast
 29433 | Spider:4 | XOM: harmless Ice miscast
 29483 | Spider:4 | XOM: harmless Tmut miscast
 29488 | Spider:4 | XOM: stat loss: -1 Int (15/16)
 29644 | Spider:4 | XOM: summons 9 hostile demons
 29649 | Spider:4 | XOM: give mutations
 29649 | Spider:4 | Lost mutation: You are robust. (+10% HP) [Xom's mischief]
 29649 | Spider:4 | Lost mutation: Your mind is very acute. (Int +4) [Xom's mischief]
 29649 | Spider:4 | Lost mutation: Your mind is acute. (Int +2) [Xom's mischief]
 29649 | Spider:4 | Lost mutation: You have a somewhat thin skeletal structure. (Dex +2, Stealth) [Xom's mischief]
 29653 | Spider:4 | XOM: confusion (+ monsters)
 29656 | Spider:4 | XOM: scenery: create altars
 29663 | Spider:4 | XOM: 2-stop teleportation journey
 29665 | Spider:4 | XOM: cast spell 'Ring of Flames'
 29809 | Spider:4 | XOM: confuse monster(s)
 29873 | Spider:4 | XOM: enchant monster (bad)
 29885 | Spider:4 | XOM: summons friendly iron imp
 29890 | Spider:4 | XOM: summons friendly rust devil
 30011 | Spider:4 | XOM: summons friendly quasit
 30015 | Spider:4 | XOM: divination: detect creatures
 30019 | Spider:4 | XOM: potion effect (brilliance)
 30028 | Spider:4 | XOM: divine lightning
 30058 | Spider:4 | XOM: confusion
 30074 | Spider:4 | Reached skill level 15 in Fighting
 30078 | Spider:4 | XOM: mild Tloc miscast
 30258 | Spider:4 | Got a gossamer rune of Zot
 30444 | Spider:4 | Gained mutation: You are mostly covered in large bone plates. (SH +6) [evolution]
 30574 | Lair:1   | XOM: give mutations
 30574 | Lair:1   | Lost mutation: You are resistant to electric shocks. (rElec) [Xom's mischief]
 30574 | Lair:1   | Lost mutation: You are very agile. (Dex +4) [Xom's mischief]
 30754 | Vaults:1 | Entered Level 1 of the Vaults
 30823 | Vaults:1 | Found Risy's Antique Weapon Shoppe.
 30847 | Vaults:1 | XOM: divination: magic mapping
 30861 | Vaults:1 | XOM: noise
 30916 | Vaults:1 | XOM: divination: magic mapping
 31068 | Vaults:1 | XOM: scenery: create altars
 31148 | Vaults:1 | XOM: mild Tloc miscast
 31254 | Vaults:1 | XOM: mild Summ miscast
 31442 | Vaults:1 | Noticed a golden dragon
 31445 | Vaults:1 | XOM: harmless Tmut miscast
 31450 | Vaults:1 | XOM: medium Conj miscast
 31453 | Vaults:1 | a golden dragon changed into an iron dragon
 31453 | Vaults:1 | XOM: polymorph golden dragon -> iron dragon
 31455 | Vaults:1 | XOM: harmless Tmut miscast
 31547 | Vaults:1 | XOM: blink monster(s)
 31549 | Vaults:1 | XOM: divination: magic mapping
 31756 | Vaults:1 | XOM: noise
 31758 | Vaults:1 | XOM: summons 3 friendly demons
 31764 | Vaults:1 | XOM: divination: detect items
 31777 | Vaults:1 | XOM: summons 8 friendly demons
 31889 | Vaults:1 | XOM: fog
 31909 | Vaults:1 | Reached XP level 19. HP: 149/161 MP: 25/25
 32039 | Vaults:1 | XOM: give mutation
 32039 | Vaults:1 | Lost mutation: Your muscles are very strong. (Str +4) [Xom's mischief]
 32051 | Vaults:1 | XOM: confusion (+ monsters)
 32451 | Vaults:2 | XOM: summons friendly shadow imp
 32625 | Vaults:2 | Found a gateway to a bazaar.
 32631 | Bazaar   | Entered a bazaar
 32633 | Bazaar   | Found Vozxeru's Assorted Antiques.
 32633 | Bazaar   | Found Illelurph's Weapon Boutique.
 32660 | Bazaar   | Found Dyilasch's Book Boutique.
 32709 | Bazaar   | Found Foalebio's Jewellery Shop.
 32794 | Vaults:2 | XOM: confusion
 32869 | Vaults:2 | Lost mutation: You rapidly evolve. [decline of evolution]
 32948 | Vaults:2 | XOM: 4-stop teleportation journey
 32965 | Vaults:2 | XOM: mild Fire miscast
 33121 | Vaults:2 | XOM: harmless Chrm miscast
 33135 | Vaults:2 | XOM: noise
 33205 | Vaults:2 | XOM: stat loss: -1 Int (11/12)
 33214 | Vaults:2 | XOM: mild Chrm miscast
 33231 | Vaults:2 | XOM: chaos upgrade
 33243 | Vaults:2 | Reached skill level 10 in Evocations
 33523 | Vaults:2 | Found a stormy altar of Qazlal.
 33563 | Vaults:2 | XOM: polymorph hornet -> black mamba
 33578 | Vaults:2 | XOM: cloud trail
 33772 | Vaults:2 | XOM: medium Fire miscast
 34026 | Vaults:3 | XOM: noise
 34135 | Vaults:3 | XOM: silly message
 34158 | Vaults:3 | XOM: summons 6 friendly demons
 34279 | Vaults:3 | XOM: noise
 34316 | Vaults:3 | XOM: god gift: great mace {god gift}
 34515 | Vaults:3 | Found a staircase to the Crypt.
 34525 | Vaults:3 | XOM: cast spell 'Summon Butterflies'
 34544 | Vaults:3 | XOM: polymorph butterfly -> gnoll
 34918 | D:8      | Bought the +8 orange crystal plate armour {Archmagi, Int+3 Clar} for 1589 gold pieces
 34934 | D:8      | Learned a level 4 spell: Passage of Golubria
 35054 | Lair:1   | Learned a level 3 spell: Conjure Flame
 35058 | Lair:1   | Learned a level 3 spell: Static Discharge
 35141 | Shoals:1 | Entered Level 1 of the Shoals
 35181 | Shoals:1 | Noticed Josephine
 35206 | Shoals:1 | Killed Josephine
 35223 | Shoals:1 | Reached skill level 1 in Translocations
 35347 | Shoals:1 | XOM: cast spell 'Summon Dragon'
 35356 | Shoals:1 | Reached skill level 1 in Spellcasting
 35356 | Shoals:1 | Reached XP level 20. HP: 160/175 MP: 27/27
 35433 | Shoals:1 | Noticed Louise
 35440 | Shoals:1 | Killed Louise
 35525 | Shoals:1 | XOM: divination: detect creatures
 35854 | Shoals:1 | XOM: noise
 35862 | Shoals:1 | XOM: summons friendly crimson imp
 36076 | Shoals:1 | XOM: mild Necr miscast
 36176 | Shoals:2 | XOM: enchant monster (bad)
 36180 | Shoals:2 | XOM: harmless Pois miscast
 36181 | Shoals:2 | XOM: scenery: create altars
 36198 | Shoals:2 | XOM: swap monsters
 36224 | Shoals:2 | XOM: enchant monster (bad)
 36262 | Shoals:2 | XOM: 4-stop teleportation journey
 36345 | Shoals:2 | XOM: chaos cloud
 36347 | Shoals:2 | XOM: swap monsters
 36458 | Shoals:2 | XOM: mild Pois miscast
 36476 | Shoals:2 | Reached skill level 5 in Translocations
 36495 | Shoals:2 | XOM: divination: magic mapping
 36500 | Shoals:2 | XOM: smoke on damage
 36634 | Shoals:2 | Found a shimmering altar of Xom.
 36993 | Shoals:3 | Found Fuel's Jewellery Shop.
 37000 | Shoals:3 | XOM: harmless Necr miscast
 37006 | Shoals:3 | Found Zuugeis's Magic Scroll Shoppe.
 37039 | Shoals:3 | Found Ucho's Gadget Boutique.
 37105 | Shoals:3 | XOM: divination: magic mapping
 37111 | Shoals:3 | XOM: enchant monster (good)
 37113 | Shoals:3 | Reached skill level 5 in Spellcasting
 37123 | Shoals:3 | XOM: summons 12 friendly demons
 37128 | Shoals:3 | XOM: enchant monster (good)
 37168 | Shoals:3 | XOM: give mutations
 37168 | Shoals:3 | Lost mutation: Your system is resistant to poisons. (rPois) [Xom's mischief]
 37168 | Shoals:3 | Lost mutation: You are agile. (Dex +2) [Xom's mischief]
 37168 | Shoals:3 | Lost mutation: You evolve. [Xom's mischief]
 37168 | Shoals:3 | Gained mutation: You are frail. (-10% HP) [Xom's mischief]
 37522 | Shoals:3 | XOM: summons 10 hostile demons
 37542 | Shoals:3 | XOM: mild Summ miscast
 37674 | Shoals:4 | Entered Level 4 of the Shoals
 37758 | Shoals:4 | XOM: harmless Tloc miscast
 37810 | Shoals:4 | XOM: enchant monster (good)
 37816 | Shoals:4 | XOM: harmless Hex miscast
 37851 | Shoals:4 | XOM: divination: detect items
 37860 | Shoals:4 | XOM: smoke on damage
 37865 | Shoals:4 | XOM: scenery: create altars
 37996 | Shoals:4 | XOM: enchant monster (good)
 38009 | Shoals:4 | XOM: confuse monster(s)
 38028 | Shoals:4 | XOM: fog
 38035 | Shoals:4 | XOM: summons 6 friendly demons
 38156 | Shoals:4 | Got a barnacled rune of Zot
 38233 | Shoals:4 | Identified the Compendium of Flight and Confrontation
 38256 | Shoals:4 | Noticed Donald
 38266 | Shoals:4 | XOM: confuse monster(s)
 38269 | Shoals:4 | Killed Donald
 38269 | Shoals:4 | Reached XP level 21. HP: 150/163 MP: 31/31
 38361 | Shoals:4 | XOM: polymorph catoblepas -> minotaur
 38378 | Shoals:4 | XOM: confuse monster(s)
 38408 | Shoals:4 | XOM: cast spell 'Disjunction'
 38438 | Shoals:4 | XOM: torment (79/163 hp)
 38463 | Shoals:4 | XOM: medium Summ miscast
 38479 | Shoals:4 | XOM: harmless Air miscast
 38578 | Shoals:4 | Noticed Polyphemus
 38579 | Shoals:4 | XOM: summons 8 friendly demons
 38590 | Shoals:4 | Killed Polyphemus
 38661 | Shoals:4 | Identified the Tome of the Forgotten Scars
 38665 | Shoals:4 | Learned a level 1 spell: Apportation
 38676 | Shoals:4 | XOM: noise
 38763 | Shoals:4 | Noticed Ilsuiw
 38765 | Shoals:4 | Reached skill level 10 in Translocations
 38768 | Shoals:4 | XOM: confuse monster(s)
 38769 | Shoals:4 | XOM: divination: detect items
 38801 | Shoals:4 | XOM: summons friendly shadow imp
 38847 | Shoals:4 | Killed Ilsuiw
 38974 | Shoals:4 | XOM: blink monster(s)
 39086 | Shoals:4 | XOM: harmless Hex miscast
 39184 | Shoals:4 | XOM: noise
 39188 | Shoals:4 | Reached skill level 1 in Summonings
 39276 | Shoals:4 | Reached skill level 2 in Summonings
 39306 | Shoals:4 | XOM: chaos upgrade
 39672 | D:10     | You paid a toll of a +9 demon whip to enter a treasure trove
 39673 | Trove    | Entered a treasure trove
 39678 | Trove    | Got a transparent lead ring
 39684 | Trove    | Got a smoking tin ring
 39713 | Trove    | Got a translucent copper ring
 39715 | Trove    | Got a transparent glass ring
 39723 | Trove    | Identified the ring "Dymoaz" {*Contam rPois rF+ rC++ SInv} (You found it in a treasure trove)
 39724 | Trove    | Identified the ring "Hoerouv" {rF+ Int+4 Slay+3} (You found it in a treasure trove)
 39727 | Trove    | Got a translucent wooden ring
 39859 | D:7      | Bought a scroll of identify for 30 gold pieces
 39859 | D:7      | Bought a scroll of identify for 30 gold pieces
 39859 | D:7      | Bought a scroll of identify for 30 gold pieces
 39859 | D:7      | Identified the ring "Etuexkuuku" {MR+ Dex+4} (You found it in a treasure trove)
 39860 | D:7      | Identified the ring "Miotes" {rC+ Str+4 Dex+6 Stlth+} (You found it in a treasure trove)
 39861 | D:7      | Identified the ring "Zaguhu" {Wiz rN+ Dex+2} (You found it in a treasure trove)
 39897 | D:7      | XOM: scenery: 1 doors close
 40345 | Vaults:3 | Reached skill level 3 in Summonings
 40440 | Vaults:4 | XOM: noise
 40571 | Vaults:2 | XOM: divination: detect creatures
 40928 | D:8      | Bought a scroll of enchant armour for 120 gold pieces
 41106 | Spider:1 | XOM is BORED!
 41106 | Spider:1 | XOM: medium Ice miscast
 41559 | Vaults:4 | Reached skill level 4 in Summonings
 41561 | Vaults:4 | XOM: divination: detect items
 41678 | Vaults:4 | XOM: cast spell 'Summon Ice Beast'
 41693 | Vaults:4 | Reached skill level 5 in Summonings
 41706 | Vaults:4 | XOM: cast spell 'Call Canine Familiar'
 41734 | Vaults:4 | XOM: enchant monster (bad)
 41904 | Vaults:4 | Reached skill level 6 in Summonings
 41983 | Vaults:4 | XOM: enchant monster (bad)
 41990 | Vaults:4 | Reached XP level 22. HP: 153/170 MP: 34/34
 42045 | Vaults:4 | Reached skill level 1 in Charms
 42279 | Vaults:4 | XOM: enchant monster (bad)
 42280 | Vaults:4 | XOM: polymorph deep elf archer -> eye of devastation
 42283 | Vaults:4 | XOM: confuse monster(s)
 42287 | Vaults:4 | XOM: harmless Erth miscast
 42304 | Vaults:4 | XOM: cleaving
 42422 | Vaults:4 | XOM: 1-stop teleportation journey
 42466 | Vaults:4 | XOM: god gift: smoking leather armour {god gift}
 42600 | Vaults:4 | XOM: scenery: 1 doors close
 42636 | Vaults:4 | XOM: scenery: 1 doors open
 42723 | Vaults:4 | Reached skill level 10 in Spellcasting
 42729 | Vaults:4 | XOM: divination: detect creatures
 42947 | Vaults:4 | XOM: scenery: create altars
 43211 | D:14     | Reached skill level 5 in Charms
 43275 | Depths:1 | Entered Level 1 of the Depths
 43284 | Depths:1 | XOM: summons 7 friendly demons
 43288 | Depths:1 | XOM: enchant monster (good)
 43344 | Depths:1 | Found a runed door.
 43349 | Depths:1 | XOM: cleaving
 43392 | Depths:1 | XOM: 9-stop teleportation journey
 43427 | Depths:1 | XOM: fake destruction
 43521 | Depths:1 | XOM: polymorph ogre mage -> floating eye
 43522 | Depths:1 | XOM: polymorph floating eye -> shining eye
 43673 | Depths:1 | XOM: scenery: create altars
 43677 | Depths:1 | XOM: enchant monster (bad)
 43757 | Depths:1 | XOM: enchant monster (good)
 43937 | Depths:1 | Reached skill level 1 in Air Magic
 43981 | Depths:1 | XOM: noise
 44215 | Depths:1 | Found a gateway to Hell.
 44455 | Depths:2 | XOM: fake destruction
 44600 | Depths:2 | Noticed a juggernaut
 44613 | Depths:2 | Killed a juggernaut
 44613 | Depths:2 | Reached XP level 23. HP: 175/175 MP: 38/38
 44657 | Depths:2 | XOM: divination: detect items
 44666 | Depths:2 | XOM: polymorph ice dragon -> wolf spider
 44810 | Depths:2 | XOM: cast spell 'Shadow Creatures'
 44815 | Depths:2 | XOM: cast spell 'Chain of Chaos'
 44821 | Depths:2 | XOM: summons 2 friendly demons
 44824 | Depths:2 | XOM: cleaving
 44832 | Depths:2 | Reached skill level 5 in Air Magic
 45007 | Depths:2 | XOM: summons friendly crimson imp
 45075 | Depths:2 | XOM: give mutations
 45075 | Depths:2 | Gained mutation: You have an increased reservoir of magic. (+10% MP) [Xom's grace]
 45075 | Depths:2 | Gained mutation: You are resistant to electric shocks. (rElec) [Xom's grace]
 45075 | Depths:2 | Gained mutation: You are covered in fur. (AC +1) [Xom's grace]
 45075 | Depths:2 | Gained mutation: Your flesh is cold resistant. (rC+) [Xom's grace]
 45100 | Depths:2 | XOM: give mutations
 45100 | Depths:2 | Gained mutation: You evolve. [Xom's grace]
 45100 | Depths:2 | Lost mutation: You evolve. [Xom's grace]
 45100 | Depths:2 | Gained mutation: You are somewhat resistant to further mutation. [Xom's grace]
 45100 | Depths:2 | Gained mutation: Your flesh is very cold resistant. (rC++) [Xom's grace]
 45100 | Depths:2 | Gained mutation: Your spells are a little harder to cast, but a little more powerful. [Xom's grace]
 45149 | Depths:2 | XOM: 6-stop teleportation journey
 45369 | Depths:2 | Noticed Nikola
 45377 | Depths:2 | XOM: divination: magic mapping
 45389 | Depths:2 | Killed Nikola
 45389 | Depths:2 | Reached skill level 1 in Conjurations
 45493 | Depths:2 | XOM: enchant monster (good)
 45556 | Depths:2 | XOM: cleaving
 45576 | Depths:2 | XOM: polymorph spriggan rider -> merfolk
 45580 | Depths:2 | XOM: fog
 45592 | Depths:2 | XOM: enchant monster (good)
 45623 | Depths:2 | Noticed the Enchantress
 45626 | Depths:2 | XOM: divination: detect creatures
 45639 | Depths:2 | Killed the Enchantress
 45717 | Depths:2 | Learned a level 3 spell: Regeneration
 45722 | Depths:2 | Learned a level 4 spell: Animate Dead
 45905 | Depths:2 | XOM: polymorph deep troll earth mage -> seven-headed hydra
 45917 | Depths:2 | XOM: polymorph deep troll earth mage -> alligator
 45925 | Depths:2 | Reached skill level 1 in Necromancy
 46370 | Shoals:3 | Bought the amulet of Hard Scrabble {Gourm Fragile rN+ Slay+4} for 786 gold pieces
 46500 | D:9      | XOM: cloud trail
 46571 | D:9      | Bought the ring of Lilik {*Drain rPois rF+ MR+ Int+4} for 579 gold pieces
 46599 | D:7      | Bought a smoking cloak for 256 gold pieces
 46599 | D:7      | Identified the +1 cloak of the Worm {rF+ rN+ MR+ Slay+3} (You bought it in a shop on level 7 of the Dungeon)
 46704 | D:13     | XOM: medium Chrm miscast
 46909 | Vaults:5 | Entered Level 5 of the Vaults
 46925 | Vaults:5 | XOM: summons 16 friendly demons
 46951 | Vaults:5 | XOM: scenery: 1 doors close
 46960 | Vaults:5 | XOM: cast spell 'Dispersal'
 46973 | Vaults:5 | XOM: potion effect (agility)
 46974 | Vaults:5 | XOM: summons 4 friendly demons
 46978 | Vaults:5 | Reached skill level 5 in Conjurations
 46985 | Vaults:5 | XOM: enchant monster (bad)
 47031 | Vaults:5 | XOM: enchant monster (bad)
 47099 | Vaults:5 | Noticed a golden dragon
 47111 | Vaults:5 | XOM: enchant monster (bad)
 47119 | Vaults:5 | Killed a golden dragon
 47128 | Vaults:5 | Noticed an ancient lich
 47132 | Vaults:5 | XOM: confuse monster(s)
 47140 | Vaults:5 | Killed an ancient lich
 47140 | Vaults:5 | Reached skill level 5 in Necromancy
 47140 | Vaults:5 | Reached XP level 24. HP: 145/182 MP: 41/41
 47148 | Vaults:5 | XOM: summons 3 hostile shadow creatures
 47149 | Vaults:5 | XOM: chaos upgrade
 47208 | Vaults:5 | XOM: enchant monster (good)
 47214 | Vaults:5 | XOM: 1-stop teleportation journey
 47219 | Vaults:5 | XOM: potion effect (agility)
 47225 | Vaults:5 | XOM: polymorph vault warden -> azure jelly
 47230 | Vaults:5 | XOM: summons friendly white imp
 47231 | Vaults:5 | XOM: summons 5 friendly demons
 47256 | Vaults:5 | XOM: 1-stop teleportation journey
 47257 | Vaults:5 | XOM: confuse monster(s)
 47266 | Vaults:5 | XOM: cast spell 'Dispersal'
 47676 | Vaults:5 | XOM: polymorph vault warden -> azure jelly
 48138 | Vaults:5 | Identified Muosaept's Guide on Envenoming
 48147 | Vaults:5 | Learned a level 2 spell: Corpse Rot
 48180 | Vaults:5 | XOM: noise
 48205 | Vaults:5 | Reached skill level 10 in Necromancy
 48227 | Vaults:5 | XOM: enchant monster (good)
 48440 | Vaults:5 | XOM: polymorph yaktaur captain -> five-headed hydra
 48443 | Vaults:5 | XOM: cleaving
 48451 | Vaults:5 | XOM: polymorph five-headed hydra -> queen ant
 48455 | Vaults:5 | XOM: enchant monster (good)
 48475 | Vaults:5 | XOM: enchant monster (good)
 48658 | Vaults:5 | XOM: summons friendly crimson imp
 48738 | Vaults:5 | XOM: scenery: create altars
 48824 | Vaults:5 | Identified the Disquisition on Supportive Feathers
 48832 | Vaults:5 | Identified the +6 crystal plate armour of the End {Int+6} (You acquired it on level 5 of the Vaults)
 48834 | Vaults:5 | Identified the +1 pair of boots of Tomorrow {-Tele rPois MR+} (You acquired it on level 5 of the Vaults)
 48873 | Vaults:5 | XOM: divination: detect creatures
 48873 | Vaults:5 | Reached XP level 25. HP: 180/188 MP: 41/41
 48888 | Vaults:5 | Learned a level 6 spell: Shadow Creatures
 49078 | Vaults:5 | Got an ancient hat
 49098 | Vaults:5 | Reached skill level 7 in Summonings
 49119 | Vaults:5 | Noticed an ancient lich
 49129 | Vaults:5 | Killed an ancient lich
 49159 | Vaults:5 | Reached skill level 8 in Summonings
 49247 | Vaults:5 | Identified the Reference Book on Execration
 49413 | Vaults:5 | Found Ceoqus's Antique Weapon Shoppe.
 49414 | Vaults:5 | XOM: polymorph ironheart preserver -> emperor scorpion
 49461 | Vaults:5 | Got a silver rune of Zot
 49551 | Vaults:5 | XOM: cast spell 'Summon Dragon'
 49560 | Vaults:5 | Reached skill level 9 in Summonings
 50119 | D:13     | XOM is BORED!
 50119 | D:13     | XOM: mild Summ miscast
 50396 | Shoals:3 | Bought a scroll of fog for 24 gold pieces
 50396 | Shoals:3 | Bought a scroll of blinking for 90 gold pieces
 50396 | Shoals:3 | Bought a scroll of identify for 24 gold pieces
 50396 | Shoals:3 | Bought a scroll of identify for 24 gold pieces
 50396 | Shoals:3 | Bought a scroll of identify for 24 gold pieces
 50396 | Shoals:3 | Bought a scroll of identify for 24 gold pieces
 50398 | Shoals:3 | Identified the +5 hat of Muttered Phrases {rPois SInv Stlth+} (You acquired it on level 5 of the Vaults)
 50519 | Lair:2   | XOM: give mutations
 50519 | Lair:2   | Lost mutation: You have a pair of small antennae on your head. [Xom's mischief]
 50519 | Lair:2   | Lost mutation: You are somewhat resistant to further mutation. [Xom's mischief]
 50519 | Lair:2   | Lost mutation: You passively map the area around you. [Xom's mischief]
 50813 | Orc:2    | Bought a potion of agility for 48 gold pieces
 50813 | Orc:2    | Bought a potion of resistance for 120 gold pieces
 50813 | Orc:2    | Bought a potion of haste for 120 gold pieces
 50813 | Orc:2    | Bought a potion of heal wounds for 60 gold pieces
 50813 | Orc:2    | Bought 2 potions of heal wounds for 120 gold pieces
 50813 | Orc:2    | Bought a potion of agility for 48 gold pieces
 50813 | Orc:2    | Bought a potion of brilliance for 48 gold pieces
 50813 | Orc:2    | Bought a potion of brilliance for 48 gold pieces
 51038 | Depths:3 | XOM: harmless Air miscast
 51052 | Depths:3 | Reached skill level 10 in Summonings
 51340 | Depths:3 | XOM: stat loss: -1 Int (22/23)
 51358 | Depths:3 | XOM: medium Tloc miscast
 51694 | Depths:4 | XOM: torment (113/188 hp)
 51891 | Depths:4 | XOM: silly message
 51905 | Depths:4 | Reached skill level 11 in Summonings
 52119 | Depths:4 | XOM: polymorph deep troll earth mage -> ghost moth
 52127 | Depths:4 | XOM: summons 3 hostile shadow creatures
 52136 | Depths:4 | XOM: polymorph deep troll shaman -> satyr
 52138 | Depths:4 | Reached skill level 12 in Summonings
 52220 | Depths:4 | XOM: chaos upgrade
 52242 | Depths:4 | XOM: noise
 52247 | Depths:4 | XOM: 3-stop teleportation journey
 52269 | Depths:4 | XOM: cast spell 'Ring of Flames'
 52276 | Depths:4 | Reached skill level 13 in Summonings
 52695 | Depths:4 | XOM: enchant monster (good)
 52859 | Depths:4 | Reached XP level 26. HP: 195/195 MP: 41/41
 52966 | Depths:4 | Found a one-way gate to the infinite horrors of the Abyss.
 53133 | Depths:4 | XOM: summons 2 friendly demons
 53141 | Depths:4 | Reached skill level 14 in Summonings
 53395 | Depths:4 | XOM: give mutations
 53395 | Depths:4 | Lost mutation: Your muscles are strong. (Str +2) [Xom's mischief]
 53395 | Depths:4 | Lost mutation: Your flesh is very cold resistant. (rC++) [Xom's mischief]
 53395 | Depths:4 | Lost mutation: You are partially covered in rugged brown scales. (AC +1, +3% HP) [Xom's mischief]
 53493 | Depths:5 | Entered Level 5 of the Depths
 53701 | Depths:5 | XOM: give mutation
 53701 | Depths:5 | Lost mutation: You have razor-sharp toenails. [Xom's mischief]
 53895 | Depths:5 | XOM: scenery: 3 fountains blood, 1 doors close
 53899 | Depths:5 | XOM: chaos upgrade
 53932 | Depths:5 | Reached skill level 15 in Summonings
 53967 | Depths:5 | XOM: 1-stop teleportation journey
 54126 | Depths:5 | Found a gate to the Realm of Zot.
 54250 | Depths:5 | Paralysed by a floating eye for 3 turns
 54323 | Depths:5 | Found a gateway to a ziggurat.
 54352 | Depths:5 | XOM: stat loss: -1 Str (24/25)
 54617 | Zot:1    | Entered Level 1 of the Realm of Zot
 54622 | Zot:1    | XOM: swap monsters
 54672 | Zot:2    | XOM: summons 1 hostile shadow creature
 54679 | Zot:2    | XOM: fog
 54835 | Zot:2    | XOM: 5-stop teleportation journey
 54853 | Zot:2    | Reached skill level 16 in Summonings
 54930 | Zot:2    | Noticed a curse toe
 54955 | Zot:2    | XOM: mild Chrm miscast
 54961 | Zot:2    | XOM: 1-stop teleportation journey
 54984 | Zot:3    | XOM: medium Pois miscast
 55171 | Zot:2    | XOM: chaos upgrade
 55370 | Zot:4    | Reached skill level 17 in Summonings
 55412 | Zot:5    | Entered Level 5 of the Realm of Zot
 55581 | Zot:4    | XOM: noise
 55622 | Zot:5    | XOM: mild Tloc miscast
 55623 | Zot:5    | XOM: noise
 55626 | Zot:5    | XOM: polymorph Orb Guardian -> catoblepas
 55628 | Zot:5    | XOM: divine lightning
 55631 | Zot:5    | Noticed an orb of fire
 55653 | Zot:5    | Killed an orb of fire
 55653 | Zot:5    | Reached XP level 27. HP: 104/194 MP: 19/41
 55654 | Zot:5    | XOM: swap monsters
 55658 | Zot:5    | Reached skill level 18 in Summonings
 55675 | Zot:5    | XOM: 2-stop teleportation journey
 55692 | Zot:5    | XOM: enchant monster (bad)
 55999 | Zot:5    | Noticed an orb of fire
 56002 | Zot:5    | XOM: potion effect (might)
 56006 | Zot:5    | XOM: potion effect (magic)
 56013 | Zot:5    | XOM: scenery: create altars
 56026 | Zot:4    | XOM: destruction
 56031 | Zot:4    | Killed an orb of fire
 56086 | Zot:4    | XOM: medium Necr miscast
 56361 | Zot:5    | XOM: summons friendly white imp
 56367 | Zot:5    | Reached skill level 19 in Summonings
 56448 | Zot:5    | Noticed an ancient lich
 56448 | Zot:5    | XOM: confuse monster(s)
 56462 | Zot:5    | XOM: 3-stop teleportation journey
 56463 | Zot:5    | Noticed an orb of fire
 56466 | Zot:5    | XOM: destruction
 56467 | Zot:5    | XOM: cleaving
 56472 | Zot:5    | Got the Orb of Zot
 56482 | Zot:5    | XOM: fog
 56483 | Zot:5    | Lost mutation: Your flesh is cold resistant. (rC+) [an orb of fire]
 56493 | Zot:5    | Noticed an orb of fire
 56497 | Zot:5    | XOM: potion effect (curing)
 56653 | Depths:5 | Noticed Taangig the pandemonium lord
 56688 | Depths:4 | XOM: chaos cloud
 56746 | Depths:1 | XOM: fake destruction
 56753 | D:15     | Noticed Anyntit the pandemonium lord
 56875 | D:9      | XOM: scenery: create altars
 56940 | D:5      | XOM: summons 2 hostile shadow creatures
 57003 | D:1      | XOM: destruction
 57009 | D:$      | Escaped with the Orb!

Vault maps used:
D:1:      dpeg_arrival_pits, serial_corexii_hall, corexii_hall_statues_s,
          corexii_hall_statues_t, lemuel_another_geyser
D:2:      chequers_ecumenical_altar_lobes, minmay_rat_hole, uniq_natasha
D:3:      lemuel_doored_altar
D:4:      fedhas_altar_1, serial_shops, shop, kennysheep_small_spiral,
          kennysheep_another_room, kennysheep_orc_chapel
D:5:      nicolae_overflow_hidden_temple, first_bread
D:6:      vehumet_statue, temple_statues, serial_shops, kennysheep_little_box,
          enter_ossuary_2
D:7:      kennysheep_mini_moat, serial_shops,
          nicolae_shop_competitors_out_of_business, shop, shop_fountains,
          shop_statue
D:8:      cheibriados_altar_1, grunt_temple_overflow_open, lemuel_crystal_altar,
          serial_shops, shop, shop, shop, kennysheep_mini, shop
D:9:      erik_lair_dragon, serial_shops, shop, shop, serial_column_ruins,
          column_ruins_corridor_corner, column_ruins_grid_1,
          column_ruins_grid_1, column_ruins_grid_1, column_ruins_columns_corner,
          column_ruins_open_small, column_ruins_open_small
D:10:     minmay_flawed_box, enter_bailey_2, enter_trove_0, elyvilon_altar_4,
          uniq_harold
D:11:     portal_ice_cave_entry_animals_and_master, uniq_maurice, uniq_erolcha
D:12:     erik_orc_1
D:13:     grunt_vaults_entry_tiered, serial_shops,
          nicolae_shop_overgrown_old_shop
D:14:     minmay_misc_feat_pillars, uniq_azrael, uniq_sonja
D:15:     grunt_enter_depths_snipers, serial_column_ruins,
          column_ruins_hut_ruined, column_ruins_grid_3, column_ruins_open_tiny,
          column_ruins_grid_3, column_ruins_open_large,
          nicolae_gozag_cash_rules_everything_around_me, hangedman_decor_lopped
Lair:1:   beast_lair_carwin_5
Lair:2:   minmay_shoals_entry_beasts
Lair:3:   hibernation_bobbens, lemuel_fruit_tree
Lair:4:   nicolae_spider_entry_non_spiders, beast_lair_carwin_9,
          serial_bayou_shore_a, lemuel_fruit_fields,
          infiniplex_staircase_pool_2, uniq_nessos
Lair:5:   st_stairs_8, guppyfry_lair_drakes, uniq_kirke
Lair:6:   minmay_lair_end_frog_pond, minmay_slime_entry_oklob_open
Shoals:1: uniq_josephine, uniq_louise
Shoals:2: wheals_shoals_ruined_temple
Shoals:3: serial_shops, shop, shop, shop,
          nicolae_shoals_siren_and_animal_friends
Shoals:4: shoals_end_hangedman, shoals_ilsuiw_ice, uniq_polyphemus, uniq_donald
Spider:3: nicolae_spider_shape, uniq_mara, uniq_roxanne
Spider:4: grunt_spider_rune_parallel
Orc:1:    serial_shops, shop_statue
Orc:2:    pf_orc_diabolical, uniq_snorg
Vaults:1: v_misc_27, vaults_mumra_hexcomb, hangedman_vaults_trim,
          nicolae_vaults_network_square, v_misc_9, hangedman_vaults_impose,
          nicolae_vaults_diagonal_hallway_7, nicolae_vaults_mini_display_case,
          nicolae_vaults_angled_halls, nicolae_vaults_angled_halls,
          serial_shops, shop_fountains
Vaults:2: hangedman_vaults_slither, v_misc_3, nicolae_vaults_arrows, v_misc_15,
          hangedman_vaults_hat, nicolae_vaults_circle_grid_b,
          hangedman_vaults_corner, nicolae_vaults_network_quincunx, v_misc_8,
          nicolae_vaults_diagonal_hallway_6, nicolae_vaults_ring_of_whatevers,
          nicolae_vaults_little_squares_2, basic_altar, serial_shops,
          bzr_entry_safe
Vaults:3: v_alt_pattern_1, minmay_crypt_entry_simple_sparse,
          hangedman_vaults_slice, ontoclasm_vaults_hangar,
          hangedman_vaults_locks, v_misc_30, v_misc_12, hangedman_vaults_trim
Vaults:4: hangedman_vaults_cutoff, vaults_mumra_minichess,
          ontoclasm_vaults_gateway, hangedman_vaults_pinch,
          nicolae_vaults_octagons, ontoclasm_vaults_decontamination,
          grunt_vaults_swirl, v_misc_33, nicolae_vaults_circle_grid_a,
          ontoclasm_vaults_loading_screen,
          vaults_standard_mumra_enter_the_diamond, v_misc_19,
          nicolae_vaults_gold_heap, nicolae_vaults_rhombus_5
Vaults:5: serial_shops
Depths:1: minmay_misc_feat_more_columns, rand_demon_pan_entry_3,
          grunt_hell_entry_dis_old, minmay_crystal_box
Depths:2: grunt_forest_end_chambers, hell_entry, minmay_misc_feat_x, pan_entry,
          hangedman_decor_slide_cut, spider_trap, lemuel_flame_loot_1,
          uniq_nikola
Depths:3: evilmike_wizard_prison, rand_demon_pan_entry_7,
          minmay_staircase_bubble, hangedman_geh_valley,
          lemuel_flamethrower_hall
Depths:4: minmay_skeletal_surprise, eino_curves_02, marbit_kobold_abyss_entry,
          hangedman_coc_ice_floe, grunt_megastairs_2
Depths:5: grunt_zot_entry_gee_three, enter_ziggurat_d, abyss_entry_crystal,
          hell_entry, hex_tiny, minmay_misc_feat_tiny
Zot:1:    grunt_megastairs_3
Zot:3:    kennysheep_spiral_hall
Abyss:3:  evilmike_abyss_rune_ettins
Bazaar:   bazaar_jpeg_ribbon
Trove:    trove_jewel_2
Ossuary:  ossuary_minmay_four_chambers
Bailey:   bailey_polearm_3, bailey

Skill      XL: |  1  2  3  4  5  6  7  8  9 10 11 12 13 14 15 16 17 18 19 20 21 22 23 24 25 26 27 |
---------------+----------------------------------------------------------------------------------+-----
Fighting       | 4 5 6 9 12 13 14 15 17 18 | 18.3
Dodging        | 4 5 6 9 10 | 10.0
Maces & Flails | 3 7 11 12 | 12.3
Armour         | 5 8 9 10 12 15 16 17 18 | 18.0
Evocations     | 6 8 10 | 10.3
Shields        | 4 11 15 | 15.0
Translocations | 1 8 11 | 11.1
Spellcasting   | 1 7 8 11 | 11.0
Summonings     | 6 13 17 19 | 19.0
Charms         | 7 |  7.2
Air Magic      | 4 7 |  7.2
Conjurations   | 5 7 8 |  8.0
Necromancy     | 5 11 | 11.5
Long Blades    | |  3.0

Action                   |  1- 3 |  4- 6 |  7- 9 | 10-12 | 13-15 | 16-18 | 19-21 | 22-24 | 25-27 || total
-------------------------+-------+-------+-------+-------+-------+-------+-------+-------+-------++-------
Melee: Falchion          |    68 |   182 |    41 |       |       |       |       |       |       ||   291
       Peck              |     5 |    43 |    83 |   103 |   311 |   505 |   558 |   495 |   369 ||  2472
       Mace              |       |       |    40 |       |       |       |       |       |       ||    40
       Demon whip        |       |       |   269 |   407 |  1033 |  1559 |  1973 |  1280 |  1108 ||  7629
       Unarmed           |       |       |       |       |     1 |       |       |       |       ||     1
 Cast: Apportation       |       |       |       |       |       |       |       |     4 |     1 ||     5
       Animate Dead      |       |       |       |       |       |       |       |     8 |    18 ||    26
       Passage of Golubr |       |       |       |       |       |       |       |     1 |     1 ||     2
       Corpse Rot        |       |       |       |       |       |       |       |     1 |       ||     1
       Regeneration      |       |       |       |       |       |       |       |       |    13 ||    13
       Shadow Creatures  |       |       |       |       |       |       |       |       |    12 ||    12
       Swiftness         |       |       |       |       |       |       |       |       |     1 ||     1
Evoke: Wand              |       |       |     3 |     3 |       |     3 |       |       |     7 ||    16
       Fan of gales      |       |       |       |       |       |       |     1 |       |       ||     1
       Box of beasts     |       |       |       |       |       |       |       |       |     1 ||     1
       Phantom mirror    |       |       |       |       |       |       |       |       |     1 ||     1
  Use: Scroll            |       |    10 |    17 |     9 |    10 |    16 |    15 |    20 |    16 ||   113
       Potion            |       |       |       |     2 |       |     2 |       |     7 |     8 ||    19
 Stab: Paralysed         |       |     1 |     1 |       |       |     2 |     1 |       |     1 ||     6
       Invisible         |       |       |     3 |       |       |     1 |       |       |       ||     4
       Confused          |       |       |     4 |     2 |       |       |     7 |     3 |     1 ||    17
       Petrified         |       |       |       |     6 |       |     1 |       |     2 |       ||     9
       Petrifying        |       |       |       |     3 |     2 |       |       |     2 |       ||     7
       Distracted        |       |       |       |       |     1 |     2 |     3 |     4 |       ||    10
       Sleeping          |       |       |       |       |       |     1 |       |       |       ||     1
       Fleeing           |       |       |       |       |       |     1 |       |       |       ||     1
       Held in net/web   |       |       |       |       |       |       |       |     1 |       ||     1
  Eat: Chunk             |     1 |     7 |    12 |    14 |    25 |    25 |    30 |    23 |    14 ||   151
       Fruit             |       |       |     2 |       |       |       |       |       |       ||     2
       Bread ration      |       |       |       |       |     1 |     2 |     1 |     2 |     3 ||     9
Armor: Leather armour    |    39 |    24 |       |       |       |       |       |       |       ||    63
       Chain mail        |       |    66 |    85 |       |       |   442 |       |       |       ||   593
       Plate armour      |       |       |    37 |   133 |   301 |    15 |       |       |       ||   486
       Gold dragon scale |       |       |       |       |       |    24 |   117 |       |       ||   141
       Crystal plate arm |       |       |       |       |       |       |   581 |   291 |   357 ||  1229
Dodge: Dodged            |    52 |    79 |   103 |    91 |   257 |   408 |   370 |   170 |   215 ||  1745
Block: Other             |       |     5 |    19 |    36 |    31 |       |     7 |       |       ||    98
       Reflection        |       |       |       |     3 |     9 |       |    24 |    81 |    67 ||   184
       Shield            |       |       |       |       |   567 |  1134 |  1652 |   874 |   862 ||  5089
       Rpst.: Falchion   |    15 |    25 |     7 |       |       |       |       |       |       ||    47
